 Dungeon Crawl Stone Soup version 0.20.1-1-g8b1a95d (webtiles) character file.

140 Lanoc the Chopper (level 5, -12/37 HPs)
             Began as an Octopode Monk on Nov 29, 2017.
             Mangled by an ogre
             ... wielding a +0 giant spiked club
              (27 damage)
             ... on level 4 of the Dungeon.
             The game lasted 00:09:21 (2447 turns).

Lanoc the Chopper (Octopode Monk)                   Turns: 2447, Time: 00:09:22

Health: -12/37     AC:  1    Str: 11    XL:     5   Next: 23%
Magic:  5/5        EV: 15    Int: 13    God:
Gold:   111        SH:  0    Dex: 14    Spells: 4/4 levels left

rFire    . . .     SeeInvis .   a - +1 hand axe
rCold    . . .     Gourm    +   (no shield)
rNeg     . . .     Faith    .   (helmet restricted)
rPois    .         Spirit   .   q - amulet of the gourmand
rElec    .         Reflect  .   j - ring of teleportation (curse)
rCorr    .         Harm     .   (no ring)
MR       .....     Rnd*Tele +   (no ring)
Stlth    +++.......             (no ring)
Regen    0.2/turn               (no ring)
MPRegen  0.1/turn               (no ring)
                                (no ring)
                                (no ring)

@: no status effects
A: almost no armour, stealthy swim, amphibious, 8 rings, constrict 8, camouflage
1, gelatinous body 1
a: no special abilities


You were on level 4 of the Dungeon.
You were completely stuffed.

You visited 1 branch of the dungeon, and saw 4 of its levels.

You collected 111 gold pieces.

Inventory:

Hand Weapons
 a - a +1 hand axe (weapon)
Jewellery
 j - a cursed ring of teleportation (left tentacle)
 q - an amulet of the gourmand (around mantle)
Wands
 o - a wand of paralysis (15/24)
 p - a wand of lightning (8/15)
Scrolls
 e - 2 scrolls of identify
 s - a scroll of amnesia
Potions
 c - 2 potions of agility
 d - a potion of invisibility {unknown}
 g - a potion of mutation {unknown}
 l - 2 potions of flight {unknown}
 n - a potion of curing {unknown}
 r - a potion of magic {unknown}
Comestibles
 b - 2 bread rations
 f - a royal jelly
 h - 2 meat rations
 i - 6 fruits
 k - 5 chunks of flesh


   Skills:
 + Level 3.7 Fighting
 * Level 4.5 Axes
 + Level 3.9 Dodging
 - Level 2.6 Stealth


You had 4 spell levels left.
You didn't know any spells.

Dungeon Overview and Level Annotations

Branches:
Dungeon (4/15)             Temple (0/1) D:4

Altars:


Innate Abilities, Weirdness & Mutations

You cannot wear most types of armour.
You are very stealthy in the water. (Stealth+)
You are amphibious.
You can wear up to eight rings at the same time.
You can use your tentacles to constrict eight enemies at once.
Your skin changes colour to match your surroundings (Stealth+).
Your rubbery body absorbs attacks. (AC +1, EV +1)


Message History

a hand axe; a short sword; a leather armour; a hand axe You see here 11 gold pieces.
That item cannot be evoked!
Evoke which item? (* to show all) (? for menu, Esc to quit)
Aiming: Paralyse (will waste charges)
Press: ? - help, Shift-Dir - straight line, f/p - ogre
Aim: an ogre, wielding a giant spiked club (moderately wounded, chance to defeat MR: 46%)
The ogre resists with some effort.
Evoking this partially-identified wand wasted a few charges.
The ogre misses you.
You barely miss the ogre.
The ogre is moderately wounded.
The ogre barely misses you.
You hit the ogre.
The ogre is heavily wounded.
You hit the ogre.
The ogre is heavily wounded.
The ogre hits you with a giant spiked club!!
Ouch! That really hurt!
You die...

### #######.##
#....@...## #
#####.###O....#
#.#...#.####...####.#
............>.......#
.#
+###.##.####.$#######
#.# #(...####..# #.#
#(.......### #.#
#.(....##...# ##.#
#.....#..###..#


You could see an ogre.

Vanquished Creatures
  3 adders (D:3)
  2 oozes (D:1)
  2 worms
  A dart slug (D:2)
  4 leopard geckos
  15 orcs
  8 bats
  6 giant cockroaches
  5 goblins (D:1)
  6 hobgoblins
  2 jackals (D:1)
  6 kobolds
  2 quokkas (D:3)
  6 frilled lizards
  4 rats
72 creatures vanquished.

Notes
Turn   | Place    | Note
-------+----------+-------------------------------------------
     0 | D:1      | Lanoc the Octopode Monk began the quest for the Orb.
     0 | D:1      | Reached XP level 1. HP: 16/16 MP: 1/1
    88 | D:1      | Reached XP level 2. HP: 13/21 MP: 2/2
   363 | D:1      | Reached XP level 3. HP: 23/26 MP: 3/3
  1075 | D:2      | Reached skill level 4 in Axes
  1075 | D:2      | Reached XP level 4. HP: 19/31 MP: 4/4
  1129 | D:2      | Found a faded altar of an unknown god.
  2016 | D:3      | Reached XP level 5. HP: 33/36 MP: 5/5
  2342 | D:4      | Noticed an ogre
  2413 | D:4      | Found a staircase to the Ecumenical Temple.
  2447 | D:4      | Mangled by an ogre

Skill      XL: |  1  2  3 |
---------------+----------+-----
Axes           | 4 |  4.5
Fighting       | |  3.7
Dodging        | |  3.9
Stealth        | |  2.6

Action                   |  1- 3 |  4- 6 || total
-------------------------+-------+-------++-------
Melee: Hand axe          |    80 |    70 ||   150
       Constrict         |    24 |    23 ||    47
       Tentacles         |    13 |    13 ||    26
Throw: Tomahawk          |       |     4 ||     4
Evoke: Wand              |       |     2 ||     2
  Use: Scroll            |     6 |     3 ||     9
 Stab: Sleeping          |    10 |    13 ||    23
  Eat: Chunk             |     1 |    18 ||    19
Armor: Skin              |     5 |     1 ||     6
Dodge: Dodged            |    65 |    31 ||    96
